cohdb
Replays
Latest Replays
All Replays
Popular Replays
Top Player Replays
Match Explorer
How It Works
Community
CoH3 Stats
Reddit
Sign in to upload your games and track your stats! →
Sign in with Steam
Match 36833521
Unlisted
Match 36833521
Overview
Messages
Build Orders
End
Panzergrenadier Squad
250 Light Carrier
Panzerpioneer Squad
Construct Light Support Kompanie
Assault Grenadier Squad
Assault Grenadier Squad
Construct Mechanized Kompanie
Assault Mechanized Group
Selects Armored Support Battlegroup
Selects Veteran Gunners
Selects Flammpanzer III Medium Tank
Flammpanzer III Medium Tank
Selects Salvage Kits
Construct Panzerarmee Kommand
Armored Reserves
Panzer IV Assault Group
Selects Panzer Storm
Selects Command Panzer IV F Medium Tank
Command Panzer IV F Medium Tank
2.5-tonne Medical Truck
Emergency Repair Kits
Panzergrenadier Squad
Vehicle Survival Package
Selects Panzer Storm
Panzer Storm
Selects Stuka Dive Bomb
Stuka Dive Bomb
Tiger Heavy Tank
Panzerpioneer Squad
Panzer Storm
Rapid Advance
Walking Stuka Rocket Launcher
Marder III Tank Destroyer
Panzer IV Assault Group
inespie
rlgh314
ASnowBiiBall
lplp4943718
Big Ham (DFC)
Teras1
Crazybug
[PCI] Budha
0
0
Comments
sign in to comment!
No comments posted yet!